 Dungeon Crawl Stone Soup version 0.25.1-1-g288607f5aa (webtiles) character file.

Game seed: 2362101553483325973

46 sking99 the Ruffian (level 3, 0/36 HPs)
             Began as an Ogre Transmuter on July 20, 2020.
             Slain by a kobold
             ... wielding a +0 short sword of draining
              (3 damage)
             ... on level 1 of the Dungeon.
             The game lasted 00:03:15 (1364 turns).

sking99 the Ruffian (Ogre Transmuter)               Turns: 1364, Time: 00:03:16

Health: 0/36       AC:  2    Str: 14    XL:     3   Next: 68%
Magic:  3/6        EV: 17    Int: 15    God:
Gold:   44         SH:  0    Dex: 14    Spells: 1/7 levels left

rFire    . . .     SeeInvis .     - Unarmed
rCold    . . .     Gourm    .   (shield currently unavailable)
rNeg     . . .     Faith    .   (armour currently unavailable)
rPois    x         Spirit   .   (helmet currently unavailable)
rElec    .         Reflect  .   (cloak currently unavailable)
rCorr    .         Harm     .   (gloves unavailable)
MR       .....                  (boots unavailable)
Stlth    +.........             (no amulet)
HPRegen  0.12/turn              (no ring)
MPRegen  0.10/turn              (no ring)

@: brilliant, spider-form, heavily drained
A: tiny, unfitting armour
a: End Transformation


You were on level 1 of the Dungeon.
You were hungry.
You were a venomous arachnid creature.
You visited 1 branch of the dungeon, and saw 1 of its levels.

You collected 44 gold pieces.

Inventory:

Missiles
 a - 12 arrows
Armour
 b - a +0 robe (melded)
Scrolls
 e - a scroll of identify {unknown}
 f - a scroll of blinking {unknown}
Comestibles
 c - a chunk of flesh
 d - a ration


   Skills:
 - Level 2.5(1.0) Fighting
 - Level 1.7(0.3) Dodging
 - Level 3.4(1.9) Unarmed Combat
 + Level 2.6(1.1) Spellcasting
 + Level 2.0(0.5) Transmutations
 + Level 0.5(0.0) Poison Magic


You had one spell level left.
You knew the following spells:

 Your Spells              Type           Power        Failure   Level  Hunger
a - Beastly Appendage     Tmut           #.....       41%         1    None
b - Sticks to Snakes      Tmut           #.......     52%         2    None
c - Spider Form           Tmut/Pois      #.........   75%         3    None

Your spell library contained the following spells:

 Spells                   Type           Power        Failure   Level  Hunger
 Ice Form                 Ice/Tmut       #.......     98%         4    None
 Blade Hands              Tmut           #.........   100%        5    None


Dungeon Overview and Level Annotations

Branches:
Dungeon (1/15)

Altars:


Innate Abilities, Weirdness & Mutations

You are too large for most types of armour.
((You have tough skin. (AC +1)))


Message History

You are confused.
Found a scroll labeled XATAG NABBUTY.
You see here an atropa-tipped dart.
You feel less confused.
It was a potion of brilliance.
You feel clever all of a sudden. The kobold hits you but does no damage.
Casting: Beastly Appendage (safe; 21% risk of failure)
Confirm with . or Enter, or press ? or * to list all spells.
The spell is extremely dangerous to cast (54% risk of failure)!
Continue anyway?
Okay, then.
Casting: Spider Form (extremely dangerous; 54% risk of failure)
Confirm with . or Enter, or press ? or * to list all spells.
The spell is extremely dangerous to cast (54% risk of failure)!
Continue anyway?
You feel a surge of power!
You turn into a venomous arachnid creature.
Your +0 robe melds into your body.
The goblin hits you but does no damage. The kobold hits you but does no damage.
The kobold hits you with a +0 short sword of draining.
You die...

#.............. #.#
#.............. #..
##.............. ##'
#.....g.........##..
#.........#.....'...
#..(......#.....#...
#..r......#.....#...
#.gKK.....#.....#...
#..s......#.....#...
#.........#.....####
#.........#.....
#.........#.....
#.....?...#
###########


You could see a hobgoblin, a goblin, 2 kobolds and a rat.

Vanquished Creatures
  3 oozes (D:1)
  4 dart slugs (D:1)
  A leopard gecko (D:1)
  A bat (D:1)
  2 giant cockroaches (D:1)
  2 goblins (D:1)
  2 hobgoblins (D:1)
  A ball python (D:1)
  4 frilled lizards (D:1)
  3 kobolds (D:1)
  3 rats (D:1)
26 creatures vanquished.

Notes
Turn   | Place    | Note
-------+----------+-------------------------------------------
     0 | D:1      | sking99 the Ogre Transmuter began the quest for the Orb.
     0 | D:1      | Reached XP level 1. HP: 19/19 MP: 3/3
   223 | D:1      | Reached skill level 3 in Unarmed Combat
   223 | D:1      | Reached XP level 2. HP: 18/28 MP: 5/5
   671 | D:1      | Reached XP level 3. HP: 23/36 MP: 6/6
   777 | D:1      | Learned a level 2 spell: Sticks to Snakes
   781 | D:1      | Learned a level 3 spell: Spider Form
  1364 | D:1      | Slain by a kobold

Illustrated notes

Levels and vault maps discovered:
D:1:      dpeg_arrival_round_c, layout_basic

Skill      XL: |  1  2  3 |
---------------+----------+-----
Fighting       | 2 |  2.5
Unarmed Combat | 3 |  3.4
Transmutations | 2 |  2.0
Dodging        | |  1.7
Spellcasting   | |  2.6
Poison Magic   | |  0.5

Action                   || total
-------------------------++-------
Melee: Unarmed           ||   134
       Punch             ||     1
       Headbutt          ||     1
 Cast: Spider Form       ||     1
       Beastly Appendage ||     1
  Use: Potion            ||     1
  Eat: Chunk             ||     1
Armor: Robe              ||    36
       Skin              ||     1
Dodge: Dodged            ||    65
